AoeStats
← Steklowata

Arena

509936757Analyzed
4v4 RM · 3d ago on Sep 28, 2026· 49m 23s· 8 players
Game mode
Random Map
Map size
Large (8 player)
Population
200
Speed
Normal
Resources
Standard
Victory
Conquest
Starting age
Dark Age
Ending age
Imperial Age
RankedLock teamsTeams togetherTeam positionsShared explorationLock speedFull tech treeHidden civsTurbo modeCheats
Victory
Defeat
🇵🇱 Burgundians · Poland
1077
+15
🇨🇳 Huns · China
1067
+16
🇬🇧 Hindustanis · United Kingdom
1062
+16
🇨🇳 Poles · China
1034
+17
🇩🇪 Danes · Germany
1196
-21
🇵🇱 Khmer · Poland
1028
-15
🇷🇺 Romans · Russia
1026
-15
🇬🇧 Vikings · United Kingdom
986
-13
Nighttake
11:01 Feudal Age
14:42 Castle Age
12:34 Double-Bit Axe
13:53 Scale Mail Armor
14:21 Horse Collar
19:36 Arson
21:03 Chain Mail Armor
22:55 Forging
23:33 Gambesons
27:02 Squires
28:09 Loom
29:00 Wheelbarrow
29:03 Hamask
34:20 Iron Casting
39:31 Bow Saw
39:23 Heavy Plow
41:21 Gold Mining
44:46 Imperial Age
43:27 Gold Shaft Mining
44:49 Elite Jomsviking
44:58 Onager
45:52 Scale Barding Armor
46:13 Conscription
46:08 Murder Holes
49:51 Hoardings
trdc
10:48 Feudal Age
15:00 Castle Age
13:39 Double-Bit Axe
17:13 Fletching
17:24 Padded Archer Armor
17:27 Crossbowman
19:27 Bow Saw
19:25 Gold Mining
19:57 Loom
21:05 Leather Archer Armor
26:34 Bodkin Arrow
28:22 Ballistics
30:23 Man-at-Arms
31:05 Squires
30:51 Arson
31:18 Forging
31:08 Scale Mail Armor
31:11 Long Swordsman
38:12 Imperial Age
39:17 Two-Handed Swordsman
40:41 Chain Mail Armor
41:01 Iron Casting
40:49 Arbalester
41:55 Bracer
42:52 Conscription
45:04 Elite Skirmisher
46:18 Ring Archer Armor
46:49 Blast Furnace
47:11 Chemistry
darlingramus
10:18 Feudal Age
8:37 Loom
14:01 Castle Age
12:19 Double-Bit Axe
Steklowata
10:53 Feudal Age
10:59 Feudal Age
13:32 Man-at-Arms
17:24 Castle Age
15:57 Scale Mail Armor
17:34 Forging
18:24 Chain Mail Armor
17:57 Long Swordsman
18:57 Pikeman
22:09 Squires
31:34 Double-Bit Axe
33:50 Redemption
37:15 Loom
38:20 Bow Saw
K
10:06 Feudal Age
14:37 Castle Age
12:46 Double-Bit Axe
16:03 Bow Saw
15:35 Horse Collar
20:00 Stone Mining
22:55 Wheelbarrow
26:56 Imperial Age
24:56 Forging
24:52 Scale Barding Armor
24:49 Scale Mail Armor
25:07 Hand Cart
24:39 Loom
24:59 Gold Mining
26:04 Squires
26:17 Town Watch
27:01 Chain Mail Armor
28:13 Heavy Plow
28:51 Iron Casting
31:18 Blast Furnace
30:04 Onager
33:08 Gold Shaft Mining
33:09 Stone Shaft Mining
33:15 Stone Shaft Mining
33:06 Elite Ghulam
34:23 Fletching
38:02 Conscription
39:33 Arson
42:57 Murder Holes
44:03 Chemistry
47:35 Grand Trunk Road
cns
5:18 Double-Bit Axe
8:33 Wheelbarrow
10:19 Feudal Age
11:25 Loom
11:59 Bow Saw
16:58 Castle Age
14:57 Horse Collar
15:15 Stone Mining
20:33 Fletching
20:30 Man-at-Arms
47:32 Husbandry
48:17 Heavy Plow
49:20 Hand Cart
菜鸡请别打
10:40 Feudal Age
12:43 Double-Bit Axe
15:04 Castle Age
13:00 Double-Bit Axe
13:38 Loom
13:37 Horse Collar
14:46 Gold Mining
17:25 Scale Barding Armor
17:59 Bow Saw
22:27 Bloodlines
23:32 Forging
26:03 Chain Barding Armor
27:30 Heavy Plow
28:53 Gold Shaft Mining
31:10 Wheelbarrow
30:21 Town Watch
34:37 Imperial Age
32:28 Hand Cart
32:29 Masonry
32:11 Fletching
32:57 Iron Casting
32:23 Padded Archer Armor
33:24 Thumb Ring
35:25 Stone Mining
36:44 Blast Furnace
35:39 Bodkin Arrow
36:21 Plate Barding Armor
36:31 Leather Archer Armor
36:31 Husbandry
36:02 Heavy Cavalry Archer
37:08 Parthian Tactics
37:48 Marauders
38:09 Conscription
37:10 Elite Tarkan
39:11 Bracer
39:34 Ballistics
40:18 Guilds
41:10 Chemistry
42:57 Scale Mail Armor
48:32 Caravan
大汉忠臣曹孟德
7:03 Loom
9:19 Feudal Age
9:45 Double-Bit Axe
11:39 Fletching
14:56 Horse Collar
25:45 Castle Age
25:44 Padded Archer Armor
25:45 Scale Mail Armor
26:26 Heavy Plow
27:26 Gold Mining
27:52 Bow Saw
27:56 Bodkin Arrow
28:56 Guard Tower
30:39 Masonry
31:11 Padded Archer Armor
34:03 Wheelbarrow
32:51 Crossbowman
38:47 Stone Mining
39:29 Ballistics
39:19 Fortified Wall
40:48 Stone Shaft Mining
43:17 Imperial Age
42:13 Thumb Ring
42:26 Szlachta Privileges
42:40 Bloodlines
42:30 Husbandry
41:51 Light Cavalry
42:54 Forging
42:50 Scale Barding Armor
44:03 Cavalier
45:37 Iron Casting
45:22 Chain Barding Armor
44:50 Cavalier
45:42 Herbal Medicine
46:22 Capped Ram
47:08 Treadmill Crane
48:04 Keep
48:30 Chemistry
47:15 Arrowslits
47:36 Siege Engineers
49:05 Blast Furnace
48:06 Bracer
48:06 Padded Archer Armor
Connection lost

Rejoining the realm…

Still unreachable

The connection could not be restored.

Session expired

The server has moved on; the page needs a fresh start.